 Dungeon Crawl Stone Soup version 0.17.1-3-g152610e (webtiles) character file.

13378 Chiseanne the Protected (level 11, -1/83 HPs)
             Began as a Demonspawn Wanderer on Mar 6, 2016.
             Was an Elder of Makhleb.
             Slain by a centaur simulacrum (15 damage)
             ... on level 11 of the Dungeon.
             The game lasted 00:34:22 (9359 turns).

Chiseanne the Protected (Demonspawn Wanderer)       Turns: 9359, Time: 00:34:23

Health: -1/83      AC: 18    Str: 13    XL:     11   Next: 74%
Magic:  11/11      EV: 10    Int: 13    God:    Makhleb [****..]
Gold:   130        SH: 14    Dex: 22    Spells: 0 memorised, 10 levels left

rFire  . . .     SeeInvis +     a - +3 war axe (freeze)
rCold  . . .     Clarity  .     W - +4 scale mail
rNeg   . . .     SustAt   .     B - +0 large shield
rPois  +         Gourm    .     (helmet restricted)
rElec  .         Spirit   .     h - +0 cloak
rCorr  .         Warding  .     k - +0 pair of gloves
rMut   .         Stasis   .     y - +2 pair of boots
MR     +....                    (no amulet)
Stlth  ++........               o - ring of see invisible
                                Q - ring of poison resistance

@: somewhat resistant to hostile enchantments, unstealthy
A: antennae 1, thin skeletal structure 3, demonic guardian 1, magic resistance
1, spiny 2
a: Minor Destruction, Lesser Servant of Makhleb, Major Destruction, Renounce
Religion


You were on level 11 of the Dungeon.
You worshipped Makhleb.
Makhleb was greatly pleased with you.
You were not hungry.

You visited 2 branches of the dungeon, and saw 12 of its levels.

You collected 578 gold pieces.
You spent 448 gold pieces at shops.

Inventory:

Hand Weapons
 a - a +3 war axe of freezing (weapon)
 f - a +2 battleaxe of freezing
 s - a +3 scimitar of flaming
 u - a +0 morningstar
 w - the +10 arbalest "Fisooqim" {elec, Dex+3}
   (You found it on level 6 of the Dungeon)

   It charges the ammunition it shoots with electricity; occasionally upon a
   hit, such missiles may discharge and cause terrible harm.
   It affects your dexterity (+3).
 X - a +3 great mace of protection
Missiles
 c - 11 poisoned bolts
 i - 79 sling bullets
 D - 19 tomahawks (quivered)
 N - 16 poisoned needles
 O - 8 needles of slowing
 P - 3 curare-tipped needles
Armour
 h - a +0 cloak (worn)
 k - a +0 pair of gloves (worn)
 y - a +2 pair of boots (worn)
 B - a +0 large shield (worn)
 T - a troll hide
 W - a +4 scale mail (worn)
Rods
 Y - a -1 rod of ignition (10/10)
   (You found it on level 11 of the Dungeon)
Jewellery
 o - a ring of see invisible (right hand)
 p - an uncursed ring of protection from cold
 t - a +3 ring of protection
 z - an uncursed ring of protection from magic
 Q - a ring of poison resistance (left hand)
Wands
 I - a wand of enslavement (5)
 K - a wand of frost (12)
 R - a wand of fire (0)
Scrolls
 d - 7 scrolls of teleportation
 g - 6 scrolls of fear
 j - a scroll of magic mapping
 v - 2 scrolls of recharging
 E - 6 scrolls of remove curse
 F - a scroll of blinking
 H - a scroll of fog
Potions
 b - 4 potions of flight
 l - 2 potions of haste
 m - a potion of cancellation
 r - 4 potions of curing
 x - 3 potions of lignification
 C - 4 potions of heal wounds
 G - a potion of ambrosia {unknown}
 L - a potion of resistance
 U - a potion of mutation {unknown}
 V - a potion of agility {unknown}
Books
 M - a book of Death

   Spells                             Type                      Level
   a - Corpse Rot                     Necromancy                   2
   b - Sublimation of Blood           Necromancy                   2
   c - Agony                          Necromancy                   5
   d - Dispel Undead                  Necromancy                   5
   e - Excruciating Wounds            Charms/Necromancy            5
   f - Bolt of Draining               Conjuration/Necromancy       5
Comestibles
 e - 6 bread rations
 n - 3 meat rations
 A - 9 beef jerkies
 J - 9 royal jellies
 S - a slice of pizza


   Skills:
 - Level 6.6 Fighting
 * Level 5.8 Axes
   Level 1.7 Bows
 + Level 9.4 Crossbows
 - Level 1.0 Throwing
 * Level 9.6 Armour
 + Level 5.9 Dodging
 - Level 5.4 Shields


You had 10 spell levels left.
You didn't know any spells.

Dungeon Overview and Level Annotations

Branches:
Dungeon (11/15)            Temple (1/1) D:6            Lair (0/8) D:11
    Orc: D:9-12

Altars:
Ashenzari
Cheibriados
Dithmenos
Elyvilon
Fedhas
Gozag
Kikubaaqudgha
Makhleb
Nemelex Xobeh
Okawaru
Qazlal
Ru
Sif Muna
Trog
Vehumet
Xom
Yredelemnul
Zin
The Shining One

Shops:
D:4 }   D:9 ?   D:10 [


Innate Abilities, Weirdness & Mutations

You have a pair of small antennae on your head.
You have an unnaturally thin skeletal structure (Dex +6, Stealth++).
A weak demonic guardian rushes to your aid.
You are mostly covered in sharp spines.
You are resistant to hostile enchantments.


Message History

The electric eel shoots out a bolt of lightning at you!
The bolt of electricity hits you!
You hit the electric eel. You freeze the electric eel.
You kill the electric eel!
Makhleb accepts your kill.
You feel better.
A centaur simulacrum comes into view.
You enter the shallow water.
Moving in this stuff is going to be slow.
Your crimson imp blinks!
You enter the shallow water.
Moving in this stuff is going to be slow.
Your crimson imp blinks!
The centaur simulacrum is struck by your spines.
The centaur simulacrum hits you. The centaur simulacrum freezes you!!
* * * LOW HITPOINT WARNING * * *
The centaur simulacrum hits you.
* * * LOW HITPOINT WARNING * * *
The centaur simulacrum freezes you!
You die...

#.≈.≈≈.≈...# #..≈≈≈≈≈≈.'#
#...≈≈.≈≈..# #..≈≈.≈≈..#
###### #..≈≈.....# .#(..#
#...≈.≈..# .#.#.#
#..Z..).# ...#.##
#.≈@.).# ####..# #≈5.##.#
.####.#### #≈###..#
.#≈≈≈..≈≈# #≈# #.##
.#≈....≈≈# #≈# #[#
##...§..≈### #≈# #.#
.....§§....# ### #.#
.#≈.§§§.≈#.# #†#
.#≈....≈≈#.#######'######


You could see a centaur simulacrum and a friendly crimson imp.

Vanquished Creatures
  Erica (D:11)
  Pikel (D:5)
  The ghost of emiel the Cleaver, a novice DsBe of Trog (D:8)
  3 hill giants
  A manticore (D:11)
  A cyclops (D:11)
  A gargoyle (D:11)
  A polar bear (D:11)
  The ghost of emiel the Chopper, an amateur DsBe of Trog (D:7)
  Prince Ribbit (D:5)
  A troll (D:10)
  2 sky beasts
  2 deep elf magi
  8 yaks
  2 wolves (D:11)
  A hungry ghost (D:5)
  2 wargs (D:11)
  Menkaure (D:5)
  A hippogriff (D:8)
  2 mottled dragons (D:11)
  2 soldier ants (D:8)
  2 orc warriors
  12 centaurs
  2 phantoms
  11 ice beasts
  4 ogres
  A brain worm (D:8)
  9 giant frogs
  A scorpion (D:4)
  A wyvern skeleton (D:4)
  An electric eel (D:11)
  11 killer bees
  5 hounds
  A crimson imp (D:9)
  A giant frog zombie (D:5)
  A jelly (D:8)
  9 orc wizards
  5 orc priests
  A giant frog skeleton (D:4)
  A water moccasin simulacrum (D:11)
  Ijyb (D:2)
  An iguana (D:4)
  Jessica (D:5)
  6 worker ants
  A centaur simulacrum (D:11)
  A wasp simulacrum (D:11)
  2 hound skeletons
  10 gnolls
  13 adders
  A white imp (D:11)
  2 shadow imps
  2 oozes
  An adder skeleton (D:4)
  A worm (D:2)
  2 giant geckos
  27 orcs
  4 bats
  8 giant cockroaches
  5 goblins
  8 hobgoblins
  16 jackals
  2 kobolds
  2 quokkas
  A giant cockroach zombie (D:5)
  A giant gecko skeleton (D:7)
  4 giant newts
  A jackal zombie (D:8)
  11 rats
250 creatures vanquished.

Vanquished Creatures (collateral kills)
  A cyclops (D:11)
  Psyche (D:11)
  A hungry ghost (D:7)
  A warg (D:11)
  An ogre (D:8)
  A giant frog (D:8)
  An orc wizard (D:11)
  An orc (D:11)
  2 jackals (D:8)
10 creatures vanquished.

Vanquished Creatures (others)
  An unseen horror (D:11)
  A slave (D:5)
  An ogre (D:5)
  A giant frog skeleton (D:11)
  An orc wizard (D:11)
  A hound zombie (D:5)
  A worker ant zombie (D:5)
  An adder (D:5)
  An ooze (D:5)
  A goblin (D:1)
  A quokka skeleton (D:5)
11 creatures vanquished.

Grand Total: 271 creatures vanquished

Notes
Turn   | Place    | Note
--------------------------------------------------------------
     0 | D:1      | Chiseanne the Demonspawn Wanderer began the quest for the Orb.
     0 | D:1      | Chiseanne set off with: a +2 scale mail, a +0 shortbow, 28 arrows, a scroll of teleportation, a bread ration
     0 | D:1      | Reached XP level 1. HP: 16/16 MP: 1/1
   149 | D:1      | Gained mutation: You are partially covered in sharp spines. [demonic ancestry]
   149 | D:1      | Reached XP level 2. HP: 23/23 MP: 2/2
   244 | D:1      | Reached skill level 3 in Armour
   449 | D:2      | Gained mutation: You are mostly covered in sharp spines. [demonic ancestry]
   449 | D:2      | Reached XP level 3. HP: 26/28 MP: 3/3
   588 | D:2      | Noticed Ijyb
   602 | D:2      | Killed Ijyb
   649 | D:2      | Found a sacrificial altar of Ru.
   650 | D:2      | Reached XP level 4. HP: 35/35 MP: 4/4
  1110 | D:3      | Reached skill level 1 in Dodging
  1217 | D:3      | Gained mutation: You have a pair of small antennae on your head. [demonic ancestry]
  1217 | D:3      | Reached XP level 5. HP: 41/41 MP: 5/5
  1919 | D:4      | Found a glowing silver altar of Zin.
  1971 | D:4      | Reached skill level 4 in Armour
  1971 | D:4      | Reached XP level 6. HP: 36/48 MP: 6/6
  2135 | D:4      | Gained mutation: You are resistant to hostile enchantments. [potion of beneficial mutation]
  2187 | D:4      | Noticed an ogre
  2205 | D:4      | Killed an ogre
  2450 | D:4      | Found Zumem's Gadget Emporium.
  2742 | D:4      | Gained mutation: You have a somewhat thin skeletal structure (Dex +2, Stealth). [demonic ancestry]
  2742 | D:4      | Reached XP level 7. HP: 51/54 MP: 7/7
  2772 | D:4      | Found a shadowy altar of Dithmenos.
  2872 | D:5      | Entered Level 5 of the Dungeon
  2922 | D:5      | Noticed Pikel
  2941 | D:5      | Killed Pikel
  2941 | D:5      | Reached skill level 5 in Fighting
  2941 | D:5      | Reached skill level 5 in Armour
  2941 | D:5      | Gained mutation: You have a moderately thin skeletal structure (Dex +4, Stealth+). [demonic ancestry]
  2941 | D:5      | Reached XP level 8. HP: 48/62 MP: 8/8
  3053 | D:5      | Noticed Menkaure
  3064 | D:5      | Killed Menkaure
  3321 | D:5      | Noticed Jessica
  3344 | D:5      | Killed Jessica
  3410 | D:5      | Reached skill level 6 in Armour
  3498 | D:5      | Reached skill level 5 in Shields
  3539 | D:5      | Noticed Prince Ribbit
  3551 | D:5      | Killed Prince Ribbit
  3603 | D:5      | Found a deep blue altar of Sif Muna.
  3734 | D:5      | Found a deep blue altar of Sif Muna.
  4056 | D:6      | Found a staircase to the Ecumenical Temple.
  4093 | Temple   | Entered the Ecumenical Temple
  4218 | Temple   | Became a worshipper of Makhleb the Destroyer
  4253 | D:6      | Got a jewelled arbalest
  4259 | D:6      | Identified the +10 arbalest "Fisooqim" {elec, Dex+3} (You found it on level 6 of the Dungeon)
  4692 | D:7      | Gained mutation: A weak demonic guardian rushes to your aid. [demonic ancestry]
  4692 | D:7      | Reached XP level 9. HP: 48/69 MP: 9/9
  4985 | D:7      | Reached * piety under Makhleb
  5179 | D:7      | Found a bloodstained altar of Trog.
  5272 | D:7      | Noticed emiel's ghost (amateur DsBe)
  5295 | D:7      | Killed emiel's ghost
  5342 | D:7      | Found a snail-covered altar of Cheibriados.
  5365 | D:7      | Reached skill level 5 in Crossbows
  5692 | D:8      | Found a glowing silver altar of Zin.
  5987 | D:8      | Reached ** piety under Makhleb
  6069 | D:8      | Noticed emiel's ghost (novice DsBe)
  6089 | D:8      | Killed emiel's ghost
  6089 | D:8      | Reached skill level 7 in Crossbows
  6239 | D:8      | Noticed a hill giant
  6273 | D:8      | Killed a hill giant
  6273 | D:8      | Reached skill level 8 in Crossbows
  6273 | D:8      | Reached XP level 10. HP: 42/76 MP: 10/10
  7457 | D:9      | Found a shimmering altar of Xom.
  7579 | D:9      | Reached skill level 1 in Axes
  7721 | D:9      | Found Vuly's Magic Scroll Emporium.
  7726 | D:9      | Reached *** piety under Makhleb
  7757 | D:9      | Bought a scroll of fog for 30 gold pieces
  7757 | D:9      | Bought a scroll of enchant weapon for 112 gold pieces
  7757 | D:9      | Bought 3 scrolls of identify for 90 gold pieces
  7757 | D:9      | Bought a scroll of enchant armour for 112 gold pieces
  7788 | D:9      | Bought a scroll of magic mapping for 52 gold pieces
  7788 | D:9      | Bought a scroll of fear for 52 gold pieces
  7926 | D:10     | Entered Level 10 of the Dungeon
  8107 | D:10     | Found Jial's Antique Armour Emporium.
  8412 | D:11     | Noticed a cyclops
  8425 | D:11     | Killed a cyclops
  8506 | D:11     | Gained mutation: You have an unnaturally thin skeletal structure (Dex +6, Stealth++). [demonic ancestry]
  8506 | D:11     | Reached XP level 11. HP: 77/83 MP: 11/11
  8512 | D:11     | Reached **** piety under Makhleb
  8513 | D:11     | Reached skill level 5 in Dodging
  8517 | D:11     | Found a staircase to the Lair.
  8650 | D:11     | Noticed Psyche
  8654 | D:11     | Killed Psyche
  8663 | D:11     | Noticed a cyclops
  8674 | D:11     | Killed a cyclops
  8674 | D:11     | Reached skill level 9 in Crossbows
  8737 | D:11     | Noticed a manticore
  8745 | D:11     | Killed a manticore
  9008 | D:11     | Noticed a hill giant
  9019 | D:11     | Noticed a hill giant
  9019 | D:11     | Killed a hill giant
  9019 | D:11     | Reached skill level 5 in Axes
  9028 | D:11     | Killed a hill giant
  9227 | D:11     | Noticed Erica
  9263 | D:11     | Noticed an unseen horror
  9271 | D:11     | Killed an unseen horror
  9285 | D:11     | Killed Erica
  9359 | D:11     | Slain by a centaur simulacrum

Action                   |  1- 3 |  4- 6 |  7- 9 | 10-12 || total
-------------------------+-------+-------+-------+-------++-------
Melee: Whip              |     8 |       |   289 |   115 ||   412
       Short sword       |    32 |   103 |    18 |       ||   153
       Dagger            |       |       |    52 |       ||    52
       War axe           |       |       |       |   251 ||   251
Throw: Tomahawk          |       |     1 |       |       ||     1
Evoke: Wand              |       |       |     9 |     3 ||    12
  Use: Scroll            |     2 |    11 |     6 |     7 ||    26
       Potion            |       |     1 |       |     2 ||     3
 Stab: Distracted        |       |       |     3 |     1 ||     4
       Confused          |       |       |     2 |       ||     2
       Sleeping          |       |       |       |     1 ||     1
  Eat: Chunk             |       |     4 |    13 |    10 ||    27
       Royal jelly       |       |       |     1 |       ||     1
       Beef jerky        |       |       |     1 |       ||     1
